 Dungeon Crawl Stone Soup version 0.25-a0-510-ge065f6de7d (webtiles) character file.

Game seed: 9950696629764007108, levelgen mode: deterministic

314 drasked the Magician (level 6, 0/32 HPs)
             Began as a Deep Elf Wizard on Feb 15, 2020.
             Slain by a hound (3 damage)
             ... on level 4 of the Dungeon.
             The game lasted 00:08:52 (4028 turns).

drasked the Magician (Deep Elf Wizard)              Turns: 4028, Time: 00:08:53

Health: 0/32       AC:  2    Str:  4    XL:     6   Next: 19%
Magic:  4/17       EV: 13    Int: 25    God:
Gold:   313        SH:  0    Dex: 13    Spells: 13/17 levels left

rFire    . . .     SeeInvis .   c - +0 club
rCold    . . .     Gourm    .   (no shield)
rNeg     + . .     Faith    +   y - +0 robe {rN+} {rN+}
rPois    .         Spirit   .   b - +0 hat
rElec    .         Reflect  .   (no cloak)
rCorr    .         Harm     .   (no gloves)
MR       .....                  (no boots)
Stlth    ++........             p - amulet of faith {Faith, !PFaith, !P}
HPRegen  0.10/turn              (no ring)
MPRegen  0.15/turn              (no ring)

@: very slightly contaminated, hasted, very quick
A: no striking features
a: no special abilities


You were on level 4 of the Dungeon.
You were very hungry.

You visited 1 branch of the dungeon, and saw 4 of its levels.

You collected 313 gold pieces.

Inventory:

Hand Weapons
 c - a +0 club (weapon)
   (You took it off a goblin on level 1 of the Dungeon)
Missiles
 g - 7 poisoned darts (quivered)
Armour
 b - a +0 hat (worn)
 d - the +1 robe "Meoh" {+Blink rN+, unknown}
   (You found it on level 4 of the Dungeon)

   It protects you from negative energy.
   It lets you blink.
   If you switch to wearing this armour, your AC will increase by 1 (2 -> 3).
 y - a +0 robe of positive energy (worn) {rN+}
   (You found it on level 3 of the Dungeon)
Jewellery
 p - an amulet of faith (around neck) {Faith, !PFaith, !P}
   (You found it on level 2 of the Dungeon)
 r - an uncursed ring of ice {rC+, rF-rC+, rF-}
   (You found it on level 3 of the Dungeon)
Wands
 k - a wand of iceblast (11)
   (You found it on level 2 of the Dungeon)
 l - a wand of acid (11)
   (You found it on level 2 of the Dungeon)
Scrolls
 a - a scroll of magic mapping {!r!r}
 i - 4 scrolls of identify
 m - a scroll of amnesia
 t - 2 scrolls of teleportation
 w - 5 scrolls of remove curse
 B - a scroll of blinking {!r!r}
Potions
 h - a potion of haste
 s - a potion of might {unknown}
 u - a potion of curing {unknown}
 v - a potion of brilliance {unknown}
 x - a potion of magic {unknown}
Comestibles
 e - 7 rations


   Skills:
 - Level 2.4 Dodging
 - Level 2.4 Stealth
 + Level 6.4 Spellcasting
 * Level 5.7 Conjurations
   Level 1.1 Summonings
   Level 1.1 Translocations


You had 13 spell levels left.
You knew the following spells:

 Your Spells              Type           Power        Failure   Level  Hunger
a - Magic Dart            Conj           ####         1%          1    None
x - Mephitic Cloud        Conj/Pois/Air  ###.....     10%         3    None

Your spell library contained the following spells:

 Spells                   Type           Power        Failure   Level  Hunger
 Blink                    Tloc           N/A          7%          2    None
 Call Imp                 Summ           ##......     7%          2    None
 Conjure Flame            Conj/Fire      ###.....     7%          3    None
 Slow                     Hex            #.......     11%         2    None


Dungeon Overview and Level Annotations

Branches:
Dungeon (4/15)
 Temple: D:4-7

Altars:
Dithmenos
Fedhas
Gozag
Kikubaaqudgha
Makhleb
Xom


Message History

Aim: a hound (resting)
The magic dart hits the hound.
The hound barks!
You hear a shout! x2
Aim: a hound (moderately wounded)
The magic dart hits the hound.
An ooze comes into view.
Aim: a hound (heavily wounded)
The magic dart hits the hound.
The hound bites you. x2
An orc comes into view. It is wielding a +0 trident.
Aim: a hound (severely wounded)
The magic dart hits the hound.
The hound closely misses you.
An iguana comes into view.
The orc hits you from afar with a +0 trident.
The hound closely misses you.
An orc comes into view.
Aim: a hound (almost dead)
The magic dart hits the hound.
You kill the hound!
The iguana hisses angrily.
Aim: an ooze The magic dart hits the ooze.
The ooze hits you.
* * * LOW HITPOINT WARNING * * *
Aim: an ooze (moderately wounded)
The magic dart hits the ooze.
The ooze hits you.
* * * LOW HITPOINT WARNING * * *
The orc misses you.
Aim: an ooze (heavily wounded)
The magic dart hits the ooze.
The ooze closely misses you.
Aim: an ooze (severely wounded)
The magic dart hits the ooze!
You kill the ooze!
The orc barely misses you.
Aim: an orc, wielding a +0 trident and wearing a +0 leather armour The ball explodes into a vile cloud!
The stinking cloud engulfs the orc but does no damage.
The stinking cloud engulfs the iguana but does no damage.
The orc is engulfed in noxious fumes.
The orc appears confused.
Unknown command.
Okay, then.
The orc is engulfed in noxious fumes.
The orc appears confused.
Aim: an orc, wielding a +0 trident and wearing a +0 leather armour (heavily wounded, confused)
The magic dart hits the iguana but does no damage.
The iguana bites you!
* * * LOW HITPOINT WARNING * * *
Aim: an orc, wielding a +0 trident and wearing a +0 leather armour (heavily wounded, confused)
The magic dart hits the iguana.
The iguana barely misses you.
Aim: an orc, wielding a +0 trident and wearing a +0 leather armour (heavily wounded, confused)
You miscast Magic Dart.
You are very lightly contaminated with residual magic.
Nothing appears to happen.
* * * LOW MAGIC WARNING * * *
The iguana closely misses you.
The ball explodes into a vile cloud!
The stinking cloud engulfs the iguana but does no damage.
* * * LOW MAGIC WARNING * * *
The iguana is engulfed in noxious fumes.
The iguana appears confused.
Aim: an iguana (lightly wounded, confused)
The magic dart hits the iguana.
* * * LOW MAGIC WARNING * * *
You are feeling very hungry.
You feel a bit more experienced.
Your magical contamination has completely faded away.
A bullfrog skeleton comes into view.
Really read
B - 2 scrolls of blinking {!r!r}?
Blink to where?
You are very lightly contaminated with residual magic.
As you read the scroll of blinking {!r!r}, it crumbles to dust.
A hound comes into view.
The hound barks!
The bullfrog skeleton barely misses you.
The hound bites you.
* * * LOW HITPOINT WARNING * * *
Found a stone staircase leading down.
The hound closely misses you. The hound bites you.
* * * LOW HITPOINT WARNING * * *
The hound bites you.
* * * LOW HITPOINT WARNING * * *
The ball explodes into a vile cloud!
The stinking cloud engulfs the hound but does no damage.
* * * LOW MAGIC WARNING * * *
The hound completely misses you. The hound misses you.
The ball explodes into a vile cloud!
The stinking cloud engulfs the hound but does no damage.
The stinking cloud engulfs the bullfrog skeleton but does no damage.
* * * LOW MAGIC WARNING * * *
The hound closely misses you.
The bullfrog skeleton hits you but does no damage.
The hound barely misses you. The hound bites you but does no damage.
The hound misses you. The hound bites you.
* * * LOW HITPOINT WARNING * * *
The hound barely misses you.
The hound stops to sniff the ground.
The hound bites you.
* * * LOW HITPOINT WARNING * * *
You feel yourself speed up. The hound bites you.
You die...

.# #.#...## .#
##.###.#....## .#
#.......?....# .#
#..###.####..# §###
#..# #.# ..# ...# #..#
#.# ?$# ##.# #..# #Z#
.# #.# #..# #h####..#
#.# #..# #.@.....# #.#
#..# #####..(# #.# ###
#..# ..#
#l###.###o.#######...#
#.##.#....o.....†....#
#.###o############..##
#.# #l# .#
##.###.######### #
#...............


You could see a hound and a bullfrog skeleton.

Levels and vault maps discovered:
D:1:      dpeg_arrival_rhombus, layout_loops_ring
D:2:      layout_loops_ring, grunt_temple_overflow_growth_and_decay
D:3:      layout_basic, grunt_temple_overflow_open,
          chequers_ecumenical_altar_simple_redux, first_ration,
          doesnt_xom_only_xom
D:4:      layout_loops_ring, kennysheep_mini_moat,
          chequers_serial_rivers_small_a

Notes
Turn   | Place    | Note
-------+----------+-------------------------------------------
     0 | D:1      | drasked the Deep Elf Wizard began the quest for the Orb.
     0 | D:1      | Reached XP level 1. HP: 10/10 MP: 7/7
    91 | D:1      | Identified a +0 club
   195 | D:1      | Identified a +0 club
   197 | D:1      | Reached skill level 2 in Conjurations
   197 | D:1      | Reached XP level 2. HP: 15/15 MP: 6/9
   246 | D:1      | Identified a +0 dagger
   530 | D:1      | Identified a +0 short sword
  1007 | D:2      | Identified a +0 club
  1013 | D:2      | Reached skill level 5 in Spellcasting
  1013 | D:2      | Reached XP level 3. HP: 15/19 MP: 3/11
  1026 | D:2      | Reached skill level 3 in Conjurations
  1122 | D:2      | Found a blossoming altar of Fedhas.
  1122 | D:2      | Found an ancient bone altar of Kikubaaqudgha.
  1137 | D:2      | Identified a +0 dagger
  1486 | D:2      | Identified a +0 short sword
  1496 | D:2      | Identified a +0 dagger
  1505 | D:2      | Reached XP level 4. HP: 24/24 MP: 5/13
  1603 | D:2      | Identified a +0 club
  1772 | D:2      | Identified a +0 dagger
  1772 | D:2      | Identified a +0 robe
  1773 | D:2      | Identified a +0 flail
  1777 | D:2      | Identified a +0 dagger
  1777 | D:2      | Identified a +0 robe
  1778 | D:2      | Identified a +0 flail
  1779 | D:2      | Reached skill level 4 in Conjurations
  1786 | D:2      | Reached XP level 5. HP: 22/28 MP: 1/15
  1788 | D:2      | Identified a +0 club
  1979 | D:2      | Identified a +0 hand axe
  2132 | D:2      | Learned a level 3 spell: Mephitic Cloud
  2179 | D:3      | Found an opulent altar of Gozag.
  2179 | D:3      | Identified a +0 club
  2190 | D:3      | Identified a +0 club
  2193 | D:3      | Identified a +0 club
  2193 | D:3      | Identified a +3 scale mail
  2245 | D:3      | Found a shadowy altar of Dithmenos.
  2267 | D:3      | Found a burning altar of Makhleb.
  2459 | D:3      | Found a faded altar of an unknown god.
  2467 | D:3      | Identified a +0 club
  2599 | D:3      | Identified a +0 robe of positive energy (You found it on
                  | level 3 of the Dungeon)
  2601 | D:3      | Identified a ring of evasion (You found it on level 2 of
                  | the Dungeon)
  2602 | D:3      | Identified a ring of ice (You found it on level 3 of the
                  | Dungeon)
  2603 | D:3      | Identified an amulet of faith (You found it on level 2 of
                  | the Dungeon)
  2604 | D:3      | Identified 5 scrolls of identify
  2604 | D:3      | Identified 2 potions of haste
  2605 | D:3      | Identified 4 scrolls of remove curse
  2610 | D:3      | Identified 2 scrolls of blinking
  2611 | D:3      | Identified a scroll of immolation
  2612 | D:3      | Identified a scroll of fear
  2613 | D:3      | Identified 3 scrolls of teleportation
  2614 | D:3      | Identified 2 scrolls of amnesia
  2615 | D:3      | Identified a scroll of magic mapping
  2710 | D:3      | Reached skill level 6 in Spellcasting
  2738 | D:3      | Identified a +0 club
  2738 | D:3      | Identified a +0 robe
  2788 | D:3      | Identified a +0 dagger
  2810 | D:3      | Reached skill level 5 in Conjurations
  2937 | D:3      | Identified a +0 hand axe
  2937 | D:3      | Identified a cursed +0 leather armour
  2940 | D:3      | Identified a +0 dagger
  2940 | D:3      | Identified a +0 chain mail
  2942 | D:3      | Identified a +0 club
  2942 | D:3      | Identified a +0 leather armour
  2976 | D:3      | Identified a cursed +0 mace
  3079 | D:3      | Found a sacrificial altar of Ru.
  3080 | D:3      | Identified a +0 spear
  3081 | D:3      | Identified a +0 spear
  3082 | D:3      | Identified a +0 halberd
  3082 | D:3      | Found an iron altar of Okawaru.
  3082 | D:3      | Found a stormy altar of Qazlal.
  3200 | D:3      | Found a shimmering altar of Xom.
  3200 | D:3      | Found a snail-covered altar of Cheibriados.
  3200 | D:3      | Found a radiant altar of Vehumet.
  3207 | D:3      | Reached XP level 6. HP: 21/32 MP: 10/17
  3674 | D:3      | Identified a +0 dagger
  3919 | D:4      | Got a twisted robe
  3949 | D:4      | Identified a +0 trident
  3949 | D:4      | Identified a +0 leather armour
  4012 | D:4      | HP: 5/32 [hound (5)]
  4023 | D:4      | HP: 5/32 [hound (1)]
  4028 | D:4      | Slain by a hound

Table legend:
 A = Turns spent in this place as a percentage of turns spent in the entire game.
 B = Non-inter-level travel turns spent in this place as a percentage of non-inter-level travel turns spent in the entire game.
 C = Inter-level travel turns spent in this place as a percentage of turns spent in this place.
 D = Turns resting spent in this place as a percentage of non-inter-level travel turns spent in this place.
 E = Turns spent auto-exploring this place as a percentage of non-inter-level travel turns spent in this place.
 F = Non-inter-level travel turns spent in this place divided by the number of levels of this place that you've seen.
                   A       B       C       D       E      F
               +-------+-------+-------+-------+-------+----------------------
         Total | 100.0 | 100.0 |   3.7 |  37.1 |  49.3 | 969.5
       Dungeon | 100.0 | 100.0 |   3.7 |  37.1 |  49.3 | 969.5
               +-------+-------+-------+-------+-------+----------------------

Table legend:
 A = Kills in this place as a percentage of kills in entire the game.
 B = Kills by you in this place as a percentage of kills by you in the entire game.
 C = Kills by friends in this place as a percentage of kills by friends in the entire game.
 D = Other kills in this place as a percentage of other kills in the entire game.
 E = Experience gained in this place as a percentage of experience gained in the entire game.
 F = Experience gained in this place divided by the number of levels of this place that you have seen.
                   A       B       C       D       E      F
               +-------+-------+-------+-------+-------+----------------------
         Total | 100.0 | 100.0 |   N/A | 100.0 | 100.0 | 112.2
       Dungeon | 100.0 | 100.0 |   N/A | 100.0 | 100.0 | 112.2
               +-------+-------+-------+-------+-------+----------------------

Skill      XL: |  1  2  3  4  5 |
---------------+----------------+-----
Conjurations   | 2 3 4 5 |  5.7
Spellcasting   | 5 6 |  6.4
Dodging        | |  2.4
Stealth        | |  2.4
Summonings     | |  1.1
Translocations | |  1.1

Action                   |  1- 3 |  4- 6 || total
-------------------------+-------+-------++-------
Melee: Club              |       |     2 ||     2
 Cast: Magic Dart        |    77 |   111 ||   188
       Mephitic Cloud    |       |     8 ||     8
  Use: Scroll            |       |     9 ||     9
       Potion            |       |     1 ||     1
  Eat: Chunk             |     2 |     6 ||     8
Armor: Robe              |     3 |     4 ||     7
Dodge: Dodged            |    12 |    31 ||    43

Vanquished Creatures
  An orc priest (D:3)
  A hound (D:4)
  2 orc wizards (D:2)
  4 gnolls (D:3)
  7 adders
  2 oozes
  A worm (D:2)
  A leopard gecko (D:2)
  9 orcs
  3 giant cockroaches
  9 goblins
  12 hobgoblins
  2 jackals (D:1)
  A quokka (D:3)
  11 bats
  4 frilled lizards
  7 kobolds
  9 rats
86 creatures vanquished.
